 Dungeon Crawl Stone Soup version 0.30-a0-585-g93115170b9 (webtiles) character file.

Game seed: 867449970699348384

697 sokol815 the Sneak (level 7, -2/49 HPs)
             Began as an Octopode Brigand on Jan 2, 2023.
             Slain by an orc
             ... wielding a +0 flail
              (8 damage)
             ... on level 5 of the Dungeon on Jan 3, 2023.
             The game lasted 00:07:15 (3547 turns).

sokol815 the Sneak (Octopode Brigand)               Turns: 3547, Time: 00:07:15

Health: -2/49      AC:  1    Str: 16    XL:     7   Next: 65%
Magic:  7/7        EV: 13    Int: 13    God:
Gold:   147        SH:  0    Dex: 16    Spells: 3/6 levels left

rFire   . . .      SeeInvis .    a - +2 short sword (venom)
rCold   . . .      Faith    .    (no shield)
rNeg    . . .      Spirit   .    (helmet restricted)
rPois   .          Reflect  .    (no amulet)
rElec   .          Harm     .    m - +6 ring of strength
rCorr   +          Rampage  .    X - ring of resist corrosion
Will    .....                    (no ring)
Stlth   ++++                     (no ring)
HPRegen 0.28/turn                (no ring)
MPRegen 0.10/turn                (no ring)
                                 (no ring)
                                 (no ring)

@: no status effects
A: almost no armour, amphibious, 8 rings, camouflage 1, gelatinous body 1,
(nimble swimmer 1), tentacles
a: no special abilities


You were on level 5 of the Dungeon.
You visited 1 branch of the dungeon, and saw 5 of its levels.

You collected 147 gold pieces.

Inventory:

Hand Weapons
 a - a +2 short sword of venom (weapon)
   (You took it off an orc priest on level 4 of the Dungeon)
 b - a +0 hand axe
   (You took it off an orc on level 3 of the Dungeon)
 l - a +2 dagger of venom
   (You took it off an orc on level 5 of the Dungeon)
 r - a +2 dagger
Missiles
 c - 3 curare-tipped darts
 h - 3 silver boomerangs
 n - 12 poisoned darts
 s - 29 stones
 w - 3 boomerangs
Magical Staves
 k - a staff of cold {rC+}
   (You found it on level 2 of the Dungeon)
Jewellery
 f - a ring of fire {rF+, rC-}
   (You found it on level 4 of the Dungeon)
 m - a +6 ring of strength (left tentacle)
   (You found it on level 3 of the Dungeon)
 X - a ring of resist corrosion (right tentacle)
   (You found it on level 4 of the Dungeon)
Wands
 p - a wand of paralysis (5)
   (You found it on level 4 of the Dungeon)
Scrolls
 g - a scroll of magic mapping {@r4!r}
Potions
 d - 2 potions of flight {unknown}
 e - a potion of ambrosia {unknown}
 i - 2 potions of haste {unknown}
 j - a potion of attraction {unknown}
 u - 2 potions of curing {unknown}
Miscellaneous
 o - a piece from Xom's chessboard (15/15)
   (You found it on level 3 of the Dungeon)


   Skills:
 + Level 4.5 Fighting
 - Level 4.3 Short Blades
 - Level 1.1 Axes
 - Level 2.0 Throwing
 - Level 1.0 Dodging
 - Level 5.3 Stealth
 - Level 1.9 Conjurations
 - Level 1.9 Hexes
 * Level 4.2 Ice Magic


You had 3 spell levels left.
You knew the following spells:

 Your Spells              Type           Power      Damage    Failure   Level
a - Dazzling Flash        Conj/Hex       10%        N/A       38%         3

Your spell library contained the following spells:

 Spells                   Type           Power      Damage    Failure   Level
 Ozocubu's Armour         Ice            11%        N/A       16%         3
 Portal Projectile        Hex/Tloc       4%         N/A       54%         3
 Summon Guardian Golem    Hex/Summ       2%         N/A       54%         3
 Call Canine Familiar     Summ           0%         N/A       67%         3
 Leda's Liquefaction      Hex/Erth       1%         N/A       91%         4
 Silence                  Hex/Air        1%         N/A       99%         5
 Agony                    Necr           0%         N/A       100%        5
 Orb of Destruction       Conj           2%         9d5       100%        7
 Ozocubu's Refrigeration  Ice            5%         4d8       100%        7
 Spellforged Servitor     Conj/Summ      1%         N/A       100%        7


Dungeon Overview and Level Annotations

Branches:
Dungeon (5/15) Zot: 26458
 Temple: D:4-7

Altars:
Cheibriados
Vehumet
Xom
The Shining One

Shops:
D:3 [


Innate Abilities, Weirdness & Mutations

You cannot wear most types of armour.
You are amphibious.
You can wear up to eight rings at the same time.
Your skin changes colour to match your surroundings (Stealth+).
Your rubbery body absorbs attacks. (AC +1, EV +1)
((You are camouflaged when in or above water. (Stealth+)))
You have tentacles for arms and can constrict up to eight enemies at once.


Message History

Things that are here:
a +0 short sword; a +0 robe; an orc corpse
Found a glowing golden altar of the Shining One.
Health restored: 49 You now have 147 gold pieces (gained 5).
An iguana comes into view.
Okay, then.
The helpless iguana fails to defend itself.
You impale the iguana!!
You kill the iguana!
Found a stone staircase leading down.
An adder comes into view.
A centaur comes into view.
The adder closely misses you.
You closely miss the adder. You grab the adder. You constrict the adder.
The adder closely misses you.
You barely miss the adder. You squeeze the adder. You constrict the adder.
The adder closely misses you. The adder barely misses you.
You hit the adder.
You kill the adder!
The centaur shouts!
You hear a shout! x4
The centaur wields a +0 shortbow.
The centaur shoots an arrow.
The arrow hits you!
An ufetubus comes into view.
You take 15 damage, and have 34/49 hp.
MASSIVE DAMAGE!!
A phantom comes into view.
The centaur shoots an arrow.
The arrow hits you!
You take 14 damage, and have 20/49 hp.
MASSIVE DAMAGE!!
The centaur shoots an arrow.
The arrow hits you.
The centaur shoots an arrow.
The arrow closely misses you.
You hear a shout!
You take 5 damage, and have 15/49 hp.
Okay, then.
You feel much better.
The centaur shoots an arrow.
The arrow misses you.
You regained 32 hp, and now have 47/49 hp.
There is a stone staircase leading down here.
The ufetubus attacks as you move away! The ufetubus misses you.
The ufetubus closely misses you. The ufetubus hits you. x2
You take 3 damage, and have 45/49 hp.
You hit the ufetubus.
The ufetubus is poisoned.
Your grab misses the ufetubus. You squeeze the ufetubus.
You kill the ufetubus!
The centaur shoots an arrow.
The arrow hits you!
You take 8 damage, and have 37/49 hp.
The centaur unwields a +0 shortbow.
The centaur barely misses you. x2
You hit the centaur but do no damage.
The centaur is poisoned.
The centaur completely misses you. x2
You hit the centaur. The centaur hits you. The centaur barely misses you.
The phantom hits you.
The phantom blinks!
You blink.
You take 6 damage, and have 32/49 hp.
You barely miss the phantom. You hit the phantom. The phantom hits you.
The centaur wields a +0 shortbow.
The centaur shoots an arrow.
The arrow hits you!
You take 16 damage, and have 16/49 hp.
MASSIVE DAMAGE!!
The phantom hits you.
The centaur shoots an arrow.
The arrow hits you!
* * * LOW HITPOINT WARNING * * *
You take 14 damage, and have 2/49 hp.
MASSIVE DAMAGE!!
You feel much better.
The centaur shoots an arrow.
The arrow closely misses you. The phantom hits you.
The phantom blinks!
You blink.
You regained 21 hp, and now have 23/49 hp.
You hit the phantom but do no damage.
You squeeze the phantom, but do no damage.
The phantom hits you.
The phantom blinks!
You blink.
You take 2 damage, and have 21/49 hp.
An orc comes into view. It is wielding a +0 flail.
An orc comes into view. It is wielding a +0 short sword.
The phantom hits you.
You take 2 damage, and have 19/49 hp.
The phantom attacks as you move away! The phantom closely misses you.
An orc comes into view. It is wielding a +0 flail.
The centaur shoots an arrow.
The arrow barely misses you.
The centaur shoots an arrow.
The arrow barely misses you. The phantom attacks as you move away!
The phantom hits you. The orc attacks as you move away!
The orc barely misses you.
An orc priest comes into view. It is wielding a +0 dagger.
The orc shouts!
The orc priest looks satisfied for a moment.
You take 1 damage, and have 18/49 hp.
The phantom attacks as you move away! The phantom hits you.
* * * LOW HITPOINT WARNING * * *
An orc comes into view. It is wielding a +0 short sword.
You take 4 damage, and have 14/49 hp.
Unknown command.
The centaur looks more healthy.
The orc hits you with a +0 flail.
* * * LOW HITPOINT WARNING * * *
The orc hits you with a +0 flail.
* * * LOW HITPOINT WARNING * * *
You take 9 damage, and have 5/49 hp.
Unknown command.
The orc attacks as you move away! The orc hits you but does no damage.
Found a stone staircase leading down.
The centaur shoots an arrow.
The arrow closely misses you. The orc hits you with a +0 flail!
You die...

#.....##### ...........
+.........># ....######
#........... ###.# #...........
#<..# #............ #######
#..........o.. ......#
#.....o....... ....#.#
#......o...... ....#.#
#@o........ ....#.# #...#
#o......... ## ....#.# #...#
#W......... ..## ....#.###...#
#..........##..##
.......##...######.............#
###....##........#...........#.#
#....##....###.#........?...[#
#....##....#.#.#....c........##
#.....'....#.#.#..............#


You could see a phantom, a centaur, an orc priest and 4 orcs.

Vanquished Creatures
  A phantom (D:4)
  A scorpion (D:5)
  A necrophage (D:5)
  2 orc priests (D:4)
  4 hounds
  A jelly (D:5)
  2 iguanas
  2 orc wizards (D:5)
  10 adders
  2 ufetubi
  3 worms
  2 dart slugs
  12 orcs
  4 ball pythons
  6 bats
  An endoplasm (D:4)
  A giant cockroach (D:1)
  6 goblins
  3 hobgoblins
  6 jackals (D:3)
  2 quokkas (D:2)
  5 frilled lizards
  A kobold (D:2)
  4 rats
82 creatures vanquished.

Vanquished Creatures (others)
  5 demonic plants (D:3)
  5 fungi (D:3)
  5 plants (D:3)
  A withered plant (D:3)
16 creatures vanquished.

Grand Total: 98 creatures vanquished

Notes
Turn   | Place    | Note
-------+----------+-------------------------------------------
     0 | D:1      | sokol815 the Octopode Brigand began the quest for the Orb.
     0 | D:1      | Reached XP level 1. HP: 14/14 MP: 1/1
   567 | D:1      | Reached XP level 2. HP: 19/19 MP: 2/2
   771 | D:2      | Reached skill level 3 in Short Blades
  1086 | D:2      | Reached XP level 3. HP: 12/24 MP: 3/3
  1623 | D:3      | Found a faded altar of an unknown god.
  1645 | D:3      | Reached skill level 4 in Short Blades
  1647 | D:3      | HP: 6/24 [poisoned by an adder]
  1775 | D:3      | Reached XP level 4. HP: 29/29 MP: 4/4
  1910 | D:3      | Found a shimmering altar of Xom.
  1976 | D:3      | Found Padaymaw's Antique Armour Emporium.
  2039 | D:3      | Found a radiant altar of Vehumet.
  2160 | D:3      | Reached skill level 1 in Axes
  2208 | D:3      | Learned a level 3 spell: Dazzling Flash
  2374 | D:4      | Reached XP level 5. HP: 26/35 MP: 5/5
  2442 | D:4      | Noticed a phantom
  2486 | D:4      | Killed a phantom
  2487 | D:4      | Reached skill level 3 in Fighting
  2487 | D:4      | Reached skill level 1 in Conjurations
  2487 | D:4      | Reached skill level 1 in Hexes
  2716 | D:4      | Reached XP level 6. HP: 42/42 MP: 6/6
  2755 | D:4      | Reached skill level 1 in Ice Magic
  2848 | D:4      | Reached skill level 2 in Ice Magic
  2995 | D:5      | Entered Level 5 of the Dungeon
  3099 | D:5      | Reached XP level 7. HP: 47/47 MP: 7/7
  3105 | D:5      | Reached skill level 4 in Fighting
  3105 | D:5      | Reached skill level 3 in Ice Magic
  3318 | D:5      | Found a snail-covered altar of Cheibriados.
  3376 | D:5      | Reached skill level 4 in Ice Magic
  3428 | D:5      | Found a glowing golden altar of the Shining One.
  3515 | D:5      | Found the +1 Delatra's gloves {ID++}
  3537 | D:5      | HP: 2/49 [centaur/arrow (13)]
  3546 | D:5      | HP: 11/49 [orc/+0 flail (3)]
  3546 | D:5      | HP: 5/49 [orc/+0 flail (6)]
  3547 | D:5      | Slain by an orc

Illustrated notes

Levels and vault maps discovered:
D:1:      roderic_octagonal_star, layout_basic, grunt_decor_arrowhead
D:2:      layout_loops_ring
D:3:      layout_loops_cross, mainiacjoe_overflow_catwalk, xom_butterflies,
          serial_shops, nicolae_shop_behind_doors, shapermc_ecumenical_altar_gd
D:4:      layout_cave_pools
D:5:      layout_basic, marbit_many_paths, lemuel_crystal_altar,
          uniq_crazy_yiuf_cottage

Skill      XL: |  1  2  3  4  5  6  7 |
---------------+----------------------+-----
Short Blades   | 3 4 |  4.3
Axes           | 1 |  1.1
Fighting       | 3 4 |  4.5
Conjurations   | 1 |  1.9
Hexes          | 1 |  1.9
Ice Magic      | 2 4 |  4.2
Throwing       | |  2.0
Dodging        | |  1.0
Stealth        | |  5.3

Action                   |  1- 3 |  4- 6 |  7- 9 || total
-------------------------+-------+-------+-------++-------
Melee: Dagger            |    67 |    70 |       ||   137
       Constrict         |    12 |    19 |     7 ||    38
       Tentacles         |    12 |    19 |    13 ||    44
       Short sword       |       |    20 |    42 ||    62
  Use: Scroll            |       |     8 |     1 ||     9
       Potion            |       |       |     2 ||     2
 Stab: Sleeping          |    12 |    10 |     3 ||    25
Armor: Skin              |     5 |     8 |     1 ||    14
Dodge: Dodged            |    23 |    51 |    35 ||   109

Table legend: (Time is in decaauts)
 A = Elapsed time spent in this place.
 B = Non-inter-level travel time spent in this place.
 C = Inter-level travel time spent in this place.
 D = Time resting spent in this place.
 E = Time spent auto-exploring this place.
 F = Levels seen in this place.
 G = Mean time per level.
                   A        B        C        D        E       F      G
               +--------+--------+--------+--------+--------+-----+--------+
         Total |   3503 |   3410 |     93 |    263 |   2576 |   5 |  700.6 |
       Dungeon |   3503 |   3410 |     93 |    263 |   2576 |   5 |  700.6 |
               +--------+--------+--------+--------+--------+-----+--------+

Top non-repeatable levels by time:
     D:2: 849 daAuts
     D:1: 755 daAuts
     D:3: 725 daAuts
     D:4: 632 daAuts
     D:5: 540 daAuts

Table legend:
 A = Kills in this place as a percentage of kills in entire the game.
 B = Kills by you in this place as a percentage of kills by you in the entire game.
 C = Kills by friends in this place as a percentage of kills by friends in the entire game.
 D = Other kills in this place as a percentage of other kills in the entire game.
 E = Experience gained in this place as a percentage of experience gained in the entire game.
 F = Experience gained in this place divided by the number of levels of this place that you have seen.
                   A       B       C       D       E      F
               +-------+-------+-------+-------+-------+----------------------
         Total | 100.0 | 100.0 |   N/A |   N/A | 100.0 | 199.4
       Dungeon | 100.0 | 100.0 |   N/A |   N/A | 100.0 | 199.4
               +-------+-------+-------+-------+-------+----------------------
